General information
- name: BNet
- type: Ladder 1vs1/FFA
- host: Battle.net
- saver: PwnimusMaximus
map: PhantomGrove
- players: 2
- length: 31:51
- speed: Fast
- version: 1.21 W3XP
- replay type: Public
» download(81 KB)
Players
team 1 (loser)
ThEOnE28 (
green | 26 APM | 828 actions | 31:43)
7 Firelord
3 Summon Lava Spawn
3 Incinerate
1 Volcano
7 Death Knight
3 Death Coil
3 Unholy Aura
1 Animate Dead
» actions
| Build / train | 65 | |
| Enter build submenu | 19 | |
| Enter hero's abilities submenu | 15 | |
| Give item / drop item | 11 | |
| Remove unit from queue | 1 | |
| Right click | 340 | |
| Select / deselect | 318 | |
| Use ability | 58 | |
828 total
» units
| Acolyte | 3 | |
| Ghoul | 3 | |
| Crypt Fiend | 12 | |
| Frost Wyrm | 5 | |
| Gargoyle | 5 | |
28 total
» upgrades
| Creature Attack | 3 | |
| Creature Carapace | 3 | |
| Freezing Breath | 1 | |
| Burrow | 0 | |
| Web | 1 | |
8 total
» buildings
| Altar of Darkness | 1 | |
| Crypt | 1 | |
| Graveyard | 1 | |
| Ziggurat | 9 | |
| Halls of the Dead | 1 | |
| Black Citadel | 1 | |
| Sacrificial Pit | 2 | |
| Tomb of Relics | 1 | |
| Spirit Tower | 3 | |
| Boneyard | 2 | |
| Nerubian Tower | 3 | |
25 total
» build order
00:04 Altar of Darkness
00:09 Crypt
00:28 Graveyard
01:19 Ziggurat
01:29 Ziggurat
02:43 Ziggurat
04:40 Halls of the Dead
05:38 Ziggurat
09:01 Black Citadel
10:11 Sacrificial Pit
10:15 Tomb of Relics
10:23 Sacrificial Pit
10:47 Spirit Tower
11:41 Boneyard
12:32 Boneyard
12:39 Ziggurat
13:35 Ziggurat
18:07 Ziggurat
21:55 Ziggurat
24:27 Nerubian Tower
24:29 Nerubian Tower
26:31 Ziggurat
30:17 Spirit Tower
30:18 Nerubian Tower
30:20 Spirit Tower
» items
| Scroll of Healing | 1 | |
| Periapt of Vitality | 1 | |
| Orb of Corruption | 1 | |
| Rod of Necromancy | 1 | |
4 total
team 2 (winner)
PwnimusMaximus (
teal | 55 APM | 1745 actions | 31:51)
6 Blood Mage
3 Flame Strike
2 Banish
1 Summon Phoenix
» actions
| Assign group hotkey | 29 | |
| Basic commands | 42 | |
| Build / train | 131 | |
| ESC pressed | 1 | |
| Enter build submenu | 64 | |
| Enter hero's abilities submenu | 6 | |
| Remove unit from queue | 8 | |
| Right click | 762 | |
| Select / deselect | 424 | |
| Select group hotkey | 168 | |
| Use ability | 110 | |
1745 total
» units
| Peasant | 23 | |
| Mortar Team | 3 | |
| Priest | 12 | |
| Dragonhawk Rider | 3 | |
| Footman | 3 | |
| Gryphon Rider | 9 | |
| Knight | 9 | |
| Sorceress | 2 | |
64 total
» upgrades
| Masonry | 2 | |
| Gunpowder | 2 | |
| Armor | 3 | |
| Swords | 3 | |
| Lumber Harvesting | 1 | |
| Flare | 1 | |
| Priest Training | 2 | |
| Magic Sentry | 1 | |
| Fragmentation Shards | 1 | |
| Barrage | 1 | |
| Animal War Training | 1 | |
| Storm Hammers | 1 | |
19 total
» buildings
| Altar of Kings | 1 | |
| Farm | 12 | |
| Lumber Mill | 2 | |
| Scout Tower | 23 | |
| Arcane Vault | 3 | |
| Arcane Tower | 1 | |
| Guard Tower | 17 | |
| Town Hall | 3 | |
| Keep | 1 | |
| Blacksmith | 1 | |
| Workshop | 2 | |
| Gryphon Aviary | 2 | |
| Arcane Sanctum | 1 | |
| Barracks | 1 | |
| Castle | 3 | |
73 total
» build order
00:04 Altar of Kings
00:07 Farm
00:14 Lumber Mill
00:47 Farm
01:12 Scout Tower
01:23 Farm
01:47 Arcane Vault
01:54 Arcane Tower
02:07 Scout Tower
02:34 Scout Tower
02:35 Guard Tower
02:43 Farm
03:00 Guard Tower
03:04 Scout Tower
03:30 Farm
03:34 Guard Tower
04:19 Scout Tower
04:30 Scout Tower
04:32 Scout Tower
04:34 Scout Tower
04:35 Scout Tower
04:38 Scout Tower
04:40 Scout Tower
05:04 Guard Tower
05:24 Guard Tower
05:31 Guard Tower
05:37 Guard Tower
05:45 Guard Tower
06:21 Town Hall
07:47 Keep
07:51 Scout Tower
07:53 Scout Tower
08:27 Guard Tower
08:29 Guard Tower
08:35 Blacksmith
08:52 Arcane Vault
09:28 Farm
09:52 Farm
10:10 Farm
10:18 Workshop
10:25 Workshop
10:49 Gryphon Aviary
10:53 Gryphon Aviary
11:09 Arcane Sanctum
11:40 Farm
11:41 Farm
11:59 Barracks
12:05 Scout Tower
12:08 Scout Tower
13:03 Guard Tower
14:49 Castle
14:49 Castle
14:49 Castle
15:17 Scout Tower
15:19 Scout Tower
15:23 Scout Tower
15:25 Scout Tower
15:26 Scout Tower
15:28 Scout Tower
15:31 Scout Tower
16:49 Guard Tower
16:49 Guard Tower
16:50 Guard Tower
16:50 Guard Tower
17:56 Town Hall
19:10 Lumber Mill
19:34 Farm
19:40 Farm
19:50 Scout Tower
23:39 Guard Tower
23:49 Arcane Vault
23:50 Guard Tower
29:48 Town Hall
» items
| Lesser Clarity Potion | 1 | |
| Scroll of Town Portal | 2 | |
| Potion of Healing | 6 | |
9 total
Chat log
(00:15 / All) ThEOnE28: hi
(00:18 / All) PwnimusMaximus: gl hf
(00:21 / All) ThEOnE28: too
(00:36 / All) ThEOnE28: play well?
(00:49 / All) PwnimusMaximus: thats the plan
(00:59 / All) ThEOnE28: that was a question
(01:08 / All) PwnimusMaximus: that was an answer
(16:51 / All) ThEOnE28: boring
(22:41 / All) ThEOnE28: you boring
(25:50 / All) ThEOnE28: plz leave
(26:16 / All) PwnimusMaximus: manner pls
(26:22 / All) ThEOnE28: ????
(26:34 / All) ThEOnE28: leave man
(26:43 / All) ThEOnE28: plz
(29:51 / All) ThEOnE28: how i play?
(30:09 / All) ThEOnE28: hey
(30:12 / All) ThEOnE28: how i play?
(30:32 / All) ThEOnE28: hey sy me that man
(30:38 / All) ThEOnE28: plz
(30:42 / All) ThEOnE28: say me how i play
(30:48 / All) PwnimusMaximus: no manner
(30:58 / All) ThEOnE28: cant so good english:
(31:02 / All) ThEOnE28: manenr ====
(31:18 / All) ThEOnE28: whats the meaning off manner
(31:28 / All) PwnimusMaximus: good sportsmanship
(31:32 / All) PwnimusMaximus: no complaining
(31:35 / All) ThEOnE28: thx :D
(31:39 / All) ThEOnE28: gg ma
(31:41 / All) ThEOnE28: man
(31:41 / All) PwnimusMaximus: gg